 Dungeon Crawl Stone Soup version 0.18-a0-1123-gbd92598 (webtiles) character file.

6167 ater218 the Carver (level 10, -1/78 (79) HPs)
             Began as a Demonspawn Berserker on Jan 19, 2016.
             Was an Elder of Trog.
             Slain by a wolf (6 damage)
             ... on level 1 of the Lair of Beasts.
             The game lasted 00:34:56 (6654 turns).

ater218 the Carver (Demonspawn Berserker)           Turns: 6654, Time: 00:35:00

HP:   -1/78 (79)    AC: 19    Str: 20    XL:     10   Next: 60%
MP:   10/10         EV: 11    Int: 10    God:    Trog [****..]
Gold: 362           SH:  0    Dex: 12    Spells: 0 memorised, 9 levels left

rFire  . . .     SeeInvis .     y - +1 long sword
rCold  . . .     Gourm    .     j - +0 chain mail
rNeg   . . .     Faith    .     (no shield)
rPois  .         Spirit   .     b - +2 helmet
rElec  .         Dismiss  .     (no cloak)
rCorr  .         Reflect  .     D - +1 pair of gloves
SustAt +         Harm     .     (no boots)
MR     ++...                    x - amulet of regeneration
Stlth  ..........               c - +3 ring of protection
                                g - ring of sustain attributes

@: exhausted, regenerating, slowed, very slow, very resistant to hostile
enchantments, extremely unstealthy
A: talons 1, spiny 3, sturdy frame 2
a: Berserk, Trog's Hand, Brothers in Arms, Burn Spellbooks, Renounce Religion


You were on level 1 of the Lair of Beasts.
You worshipped Trog.
Trog was greatly pleased with you.
You were not hungry.

You visited 2 branches of the dungeon, and saw 12 of its levels.

You collected 362 gold pieces.

Inventory:

Hand Weapons
 y - a +1 long sword (weapon)
Armour
 b - a +2 helmet (worn)
 j - a +0 chain mail (worn)
 D - a +1 pair of gloves (worn)
Jewellery
 c - a +3 ring of protection (right hand)
 g - a ring of sustain attributes (left hand)
 m - an uncursed ring of fire
 p - an uncursed amulet of guardian spirit
 x - an amulet of regeneration (around neck)
Wands
 a - a wand of frost (24/48)
Scrolls
 d - 3 scrolls of identify
 k - 5 scrolls of recharging
 l - a scroll of magic mapping
 n - 3 scrolls of remove curse
 o - 2 scrolls of enchant armour
 u - 2 scrolls of enchant weapon
Potions
 h - 5 potions of curing
 t - a potion of lignification
 B - a potion of brilliance
Comestibles
 f - 3 meat rations
 i - 3 bread rations
 q - 6 chunks of flesh
 r - a beef jerky
 z - 6 fruits
 C - a royal jelly


   Skills:
 + Level 7.4 Fighting
 * Level 10.0 Long Blades
 + Level 7.6 Armour
 + Level 5.9 Dodging


You had 9 spell levels left.
You didn't know any spells.

Dungeon Overview and Level Annotations

Branches:
Dungeon (11/15)            Temple (0/1) D:5            Lair (1/8) D:8
    Orc (0/2) D:11

Altars:
Ashenzari
Fedhas
Kikubaaqudgha
Okawaru
Qazlal
Ru
Vehumet
Xom
Yredelemnul
The Shining One


Innate Abilities, Weirdness & Mutations

You have sharp toenails.
You are completely covered in sharp spines.
Your movements are less encumbered by armour (ER -4).


Message History

There is a staircase to the Lair here.
The ten-headed hydra closely misses you.
The ten-headed hydra bites you!
* * * LOW HITPOINT WARNING * * *
The ten-headed hydra bites you!
* * * LOW HITPOINT WARNING * * *
The ten-headed hydra barely misses you.
The ten-headed hydra bites you but does no damage.
The ten-headed hydra bites you.
* * * LOW HITPOINT WARNING * * *
The ten-headed hydra bites you but does no damage. x2
The ten-headed hydra bites you.
* * * LOW HITPOINT WARNING * * *
The ten-headed hydra bites you but does no damage.
You climb downwards.
Welcome to the Lair of Beasts!
A wolf comes into view.
You feel the effects of Trog's Hand fading.
The wolf howls!
The wolf bites you.
You die...

##...## #..#
##......#...
#..........#
...........
..........#
......... ###
.......h#####...
.#.#.#.#@#.#.#.#.#.
.......D...........
.#.#.#.#.#.#.#.#.#.
........†.......
#.#.#h#.#.#.#.#.
...............
#.#.#.#.#.#.#.#.#
####.#..##........
#.###.# ........


You could see a ten-headed hydra and 2 wolves.

Vanquished Creatures
  The ghost of derval the Spear-Bearer, a novice MfSk (D:6)
  Joseph (D:9)
  11 yaks (D:8)
  The ghost of Azzok the Conjurer, an amateur GrFE (D:4)
  A basilisk (D:8)
  A hippogriff (D:8)
  A hungry ghost (D:7)
  A warg (D:11)
  A water moccasin (D:7)
  5 porcupines (D:8)
  A sky beast (D:8)
  A phantom (D:6)
  4 ice beasts
  3 necrophages
  A centaur (D:9)
  2 ogres
  2 crocodiles (D:8)
  A big kobold (D:8)
  6 giant frogs
  The ghost of Azzok the Sneak, an amateur SpEn (D:3)
  3 scorpions
  A centaur zombie (D:5)
  A crimson imp (D:7)
  A jelly (D:7)
  A centaur skeleton (D:5)
  3 hounds
  An orc priest (D:8)
  An iguana (Lair:1)
  3 orc wizards
  7 worker ants
  A worker ant zombie (D:8)
  4 gnolls (D:6)
  7 adders
  3 river rats (D:8)
  2 shadow imps
  2 oozes
  An adder skeleton (D:4)
  4 worms
  2 giant geckos
  18 orcs
  6 giant cockroaches
  5 goblins
  5 hobgoblins
  6 jackals
  16 kobolds
  A quokka (D:3)
  3 ball pythons
  7 bats
  2 giant newts
  A jackal skeleton (D:7)
  A quokka skeleton (D:8)
  5 rats
170 creatures vanquished.

Vanquished Creatures (others)
  A plant (D:8)
1 creature vanquished.

Grand Total: 171 creatures vanquished

Notes
Turn   | Place    | Note
--------------------------------------------------------------
     0 | D:1      | ater218 the Demonspawn Berserker began the quest for the Orb.
     0 | D:1      | Reached XP level 1. HP: 18/18 MP: 1/1
     2 | D:1      | Noticed an octopode
     2 | D:1      | Noticed a halfling
     4 | D:1      | Noticed a centaur
     4 | D:1      | Noticed a spriggan
     6 | D:1      | Noticed a demonspawn
     6 | D:1      | Noticed a vine stalker
     9 | D:1      | Noticed a merfolk
     9 | D:1      | Noticed a draconian
    11 | D:1      | Noticed a demigod
    11 | D:1      | Noticed a tengu
    13 | D:1      | Noticed a felid
    13 | D:1      | Noticed a gargoyle
    15 | D:1      | Noticed a vampire
    15 | D:1      | Noticed an elf
    17 | D:1      | Noticed a formicid
    19 | D:1      | Noticed an ogre
    19 | D:1      | Noticed a troll
    21 | D:1      | Noticed a human
    25 | D:1      | Noticed a dwarf
    25 | D:1      | Noticed a naga
    27 | D:1      | Noticed a ghoul
    27 | D:1      | Noticed a minotaur
   281 | D:1      | Found an iron altar of Okawaru.
   537 | D:1      | Gained mutation: Your movements are slightly less encumbered by armour (ER -2). [demonic ancestry]
   537 | D:1      | Reached XP level 2. HP: 13/24 MP: 2/2
  1105 | D:2      | Found a stormy altar of Qazlal.
  1526 | D:2      | Gained mutation: You are partially covered in sharp spines. [demonic ancestry]
  1526 | D:2      | Reached XP level 3. HP: 29/29 MP: 3/3
  1562 | D:2      | Reached ** piety under Trog
  1605 | D:2      | Found a glowing golden altar of the Shining One.
  1807 | D:3      | Noticed Azzok's ghost (amateur SpEn)
  1815 | D:3      | Killed Azzok's ghost
  1815 | D:3      | Reached XP level 4. HP: 37/37 MP: 4/4
  1910 | D:3      | Reached skill level 4 in Fighting
  2170 | D:3      | Gained mutation: You are mostly covered in sharp spines. [demonic ancestry]
  2170 | D:3      | Reached XP level 5. HP: 42/42 MP: 5/5
  2606 | D:4      | Noticed Azzok's ghost (amateur GrFE)
  2621 | D:4      | Killed Azzok's ghost
  2621 | D:4      | Reached XP level 6. HP: 39/49 MP: 6/6
  2808 | D:4      | Found a blossoming altar of Fedhas.
  2887 | D:4      | Found a shimmering altar of Xom.
  3055 | D:5      | Entered Level 5 of the Dungeon
  3283 | D:5      | Reached XP level 7. HP: 51/55 MP: 7/7
  3304 | D:5      | Reached *** piety under Trog
  3408 | D:5      | Found a staircase to the Ecumenical Temple.
  3441 | D:5      | Reached skill level 5 in Long Blades
  3723 | D:5      | Reached skill level 5 in Fighting
  3801 | D:6      | Found an ancient bone altar of Kikubaaqudgha.
  4051 | D:6      | Noticed derval's ghost (novice MfSk)
  4072 | D:6      | Killed derval's ghost
  4072 | D:6      | Reached skill level 6 in Long Blades
  4072 | D:6      | Gained mutation: Your movements are less encumbered by armour (ER -4). [demonic ancestry]
  4072 | D:6      | Reached XP level 8. HP: 23/62 MP: 8/8
  4379 | D:6      | Found a sacrificial altar of Ru.
  4544 | D:6      | Found a blossoming altar of Fedhas.
  4564 | D:6      | Reached skill level 5 in Armour
  4922 | D:7      | Reached skill level 7 in Long Blades
  5083 | D:7      | Gained mutation: You have sharp toenails. [demonic ancestry]
  5083 | D:7      | Reached XP level 9. HP: 63/68 MP: 9/9
  5275 | D:8      | Reached skill level 5 in Dodging
  5282 | D:8      | Reached skill level 8 in Long Blades
  5291 | D:8      | Reached **** piety under Trog
  5317 | D:8      | Gained mutation: You are completely covered in sharp spines. [demonic ancestry]
  5317 | D:8      | Reached XP level 10. HP: 47/76 MP: 10/10
  5322 | D:8      | Reached skill level 9 in Long Blades
  5488 | D:8      | Found a staircase to the Lair.
  5845 | D:8      | Found a basalt altar of Yredelemnul.
  6005 | D:8      | Found a shattered altar of Ashenzari.
  6223 | D:8      | Found a radiant altar of Vehumet.
  6317 | D:8      | You fall through a shaft for 3 floors!
  6331 | D:11     | Found a staircase to the Orcish Mines.
  6333 | D:11     | Noticed a hill giant
  6392 | D:10     | Entered Level 10 of the Dungeon
  6428 | D:10     | Noticed a hill giant
  6434 | D:9      | Noticed Joseph
  6449 | D:9      | Killed Joseph
  6449 | D:9      | Reached skill level 10 in Long Blades
  6624 | Lair:1   | Entered Level 1 of the Lair of Beasts
  6630 | Lair:1   | Noticed a four-headed hydra
  6653 | D:8      | HP: 3/78 [ten-headed hydra (6)]
  6654 | Lair:1   | Slain by a wolf

Vault maps used:
D:1:      kb_arrival_jail, minmay_door_square, okawaru_ov_weapons_minmay
D:2:      marbit_many_paths, grunt_qazlal_clouds
D:3:      first_bread
D:4:      overflow_temple_1_default, kennysheep_mini_moat
D:5:      temple_doors_e
D:6:      old_standard_altar, lemuel_round_altar, fedhas_altar_fruit_tree
D:7:      minmay_klotski, uniq_duvessa
D:8:      vehumet_altar_wand_db, kennysheep_little_box,
          overflow_temple_1_default, minmay_lair_entry_grove
D:9:      hangedman_ranch, roderic_hopi_sauvastika, roderic_lattice_a,
          uniq_joseph, uniq_grum
D:11:     erik_orc_4
Lair:1:   st_stairs_12

Action                   |  1- 3 |  4- 6 |  7- 9 | 10-12 || total
-------------------------+-------+-------+-------+-------++-------
Melee: Falchion          |   106 |    73 |    47 |       ||   226
       Long sword        |       |       |   123 |   115 ||   238
Invok: Berserk           |     2 |       |     2 |     2 ||     6
       Trog's Hand       |     1 |     1 |     3 |     4 ||     9
       Burn Spellbooks   |       |       |     1 |       ||     1
  Use: Scroll            |     5 |     2 |       |     5 ||    12
       Potion            |       |     5 |     6 |       ||    11
  Eat: Chunk             |     2 |     1 |     3 |     4 ||    10
       Bread ration      |     1 |       |       |       ||     1
       Meat ration       |       |     1 |     1 |     1 ||     3
